Map: King's Cove LE

Players

HateMe

  • Race: Zerg Zerg
  • League: Master
  • Spawn Location: 5:00

HellraiseR - Winner!

  • Race: Protoss Protoss
  • Spawn Location: 11:00

Event: HomeStory Cup XIX

VOD

Have the link to the VOD?

Description

Time

  • Played on: June 28, 2019, 1:01 p.m.
  • Length: 17:52

All games in this series

Show
View Real Time Build Order
Export as new Build Order

HateMe Zerg 

Build Orders: Hatch First 

Get SALT Encoding   

  12  0:01  Drone  
  13  0:15  Overlord  
  13  0:19  Drone  
  14  0:33  Drone  
  14  0:34  Drone  
  16  0:49  Hatchery  
  15  0:53  Drone  
  15  0:56  Drone  
  17  1:00  Drone  
  18  1:11  Extractor  
  18  1:15  Spawning Pool  
  18  1:18  Drone  
  17  1:21  Drone  
  18  1:31  Drone  
  19  1:43  Drone  
  20  1:54  Overlord  
  20  2:02  Queen x2  
  20  2:03  Zergling x4  
  26  2:13  Drone  
  26  2:14  Drone  
  26  2:15  Metabolic Boost  
  28  2:24  Drone x2  
  30  2:42  Queen  
  32  2:47  Hatchery  
  31  2:51  Overlord  
  31  2:54  Drone  
  31  2:57  Drone  
  33  3:00  Drone  
  33  3:02  Zergling x2  
  35  3:07  Zergling x2  
  35  3:10  Drone x2  
  39  3:12  Drone  
  39  3:14  Drone  
  39  3:16  Drone  
  39  3:19  Drone  
  42  3:21  Drone  
  43  3:29  Drone  
  44  3:38  Spore Crawler x2  
  42  3:41  Queen  
  42  3:42  Overlord  
  44  3:54  Overlord  
  44  4:02  Drone x7  
  51  4:03  Baneling Nest  
  51  4:06  Queen  
  52  4:11  Overlord  
  52  4:12  Drone  
  52  4:13  Drone  
  54  4:18  Drone  
  54  4:20  Spore Crawler  
  54  4:28  Overlord  
  54  4:29  Drone x4  
  54  4:31  Drone  
  59  4:33  Drone x2  
  61  4:39  Zergling x4  
  61  4:43  Lair  
  61  4:45  Spore Crawler  
  62  4:47  Queen  
  62  4:51  Zergling x2  
  62  4:52  Zergling x2  
  66  5:00  Overlord x2  
  65  5:15  Zergling x2  
  65  5:18  Zergling x18  
  69  5:25  Queen x2  
  72  5:32  Zergling x14  
  74  5:44  Zergling x12  
  73  5:59  Extractor  
  73  6:00  Baneling, Hydralisk Den, Queen  
  73  6:01  Baneling x7, Extractor  
  73  6:03  Queen x2  
  76  6:06  Zergling x4  
  76  6:07  Zergling x8  
  76  6:08  Overlord  
  82  6:28  Drone x7  
  88  6:33  Drone x2  
  88  6:36  Overlord x2  
  88  6:47  Queen  
  80  6:54  Hydralisk x6  
  88  7:02  Hydralisk  
  88  7:06  Extractor  
  89  7:08  Hydralisk  
  89  7:11  Zergling x24  
  103  7:18  Evolution Chamber  
  103  7:19  Drone  
  103  7:21  Hydralisk  
  105  7:27  Hydralisk  
  103  7:34  Hydralisk x2  
  100  7:38  Drone x5  
  100  7:43  Drone  
  106  7:46  Overlord x2  
  106  7:50  Zerg Missile Weapons Level 1  
  105  7:52  Overlord x2  
  105  7:56  Hatchery, Extractor  
  101  8:05  Drone  
  101  8:06  Drone x8  
  101  8:09  Centrifical Hooks  
  101  8:11  Drone x2  
  112  8:15  Extractor  
  112  8:19  Overlord  
  111  8:20  Hydralisk x4  
  111  8:25  Hydralisk  
  121  8:27  Zergling x6  
  124  8:43  Hydralisk x5  
  124  8:46  Overlord  
  124  8:47  Zergling x8  
  138  8:54  Zergling x6  
  140  9:05  Zergling x12  
  140  9:08  Muscular Augments  
  146  9:11  Infestation Pit  
  146  9:14  Drone  
  146  9:15  Drone x6  
  152  9:18  Overlord x2  
  152  9:26  Drone x5  
  152  9:30  Drone  
  158  9:34  Baneling x9  
  158  9:35  Baneling x2  
  159  9:38  Zergling x4, Hatchery  
  159  9:39  Zergling x2  
  159  9:51  Hive  
  159  9:53  Evolution Chamber, Spire  
  159  9:55  Extractor x2  
  159  9:56  Drone  
  159  9:57  Drone x5  
  159  9:58  Overlord  
  159  10:00  Drone x2  
  159  10:01  Zergling x2  
  161  10:10  Zergling x20  
  171  10:15  Zerg Melee Weapons Level 1  
  171  10:19  Zerg Missile Weapons Level 2  
  171  10:21  Grooved Spines  
  171  10:22  Baneling x4  
  171  10:23  Baneling x6  
  171  10:27  Zergling x10  
  176  10:37  Zergling x16  
  176  10:42  Overlord x2  
  184  11:00  Overlord  
  184  11:06  Greater Spire, Adrenal Glands  
  184  11:08  Zergling x34  
  197  11:16  Zergling x4  
  199  11:22  Pneumatized Carapace  
  199  11:23  Burrow  
  199  11:45  Pathogen Glands  
  199  11:47  Overseer x2  
  199  11:48  Overseer  
  199  11:49  Overseer  
  199  12:08  Zergling x8  
  168  12:17  Zergling x58  
  168  12:20  Zerg Flyer Weapons Level 1  
  168  12:21  Corruptor x2  
  196  12:29  Zergling x8  
  198  12:33  Zerg Melee Weapons Level 2  
  197  12:37  Baneling x21  
  197  12:38  Baneling x14  
  197  12:41  Zergling x6  
  197  12:42  Neural Parasite  
  200  12:46  Zergling x2  
  195  12:58  Drone x10  
  186  13:07  Corruptor x7  
  200  13:15  Zerg Missile Weapons Level 3  
  200  13:24  Hatchery  
  192  13:50  Brood Lord x4  
  198  13:59  Brood Lord x3  
  198  14:03  Zergling x2  
  198  14:04  Zergling x6  
  199  14:18  Zerg Flyer Weapons Level 2  
  199  14:34  Spore Crawler  
  199  14:35  Spore Crawler x3  
  194  14:38  Spore Crawler x2  
  194  14:42  Spore Crawler x2  
  178  14:48  Zergling x30  
  178  14:49  Zergling x8  
  193  14:53  Brood Lord  
  193  14:54  Brood Lord  
  193  14:56  Zerg Melee Weapons Level 3  
  192  15:05  Zergling x16  
  186  15:14  Infestor x5  
  186  15:25  Hatchery  
  186  15:26  Infestor x3  
  191  15:29  Drone x3  
  191  15:30  Extractor x2  
  192  15:41  Zergling x2  
  192  15:42  Zergling x12  
  199  15:49  Infestor x5  
  159  15:58  Spore Crawler  
  159  16:00  Spore Crawler x2  
  159  16:01  Spore Crawler  
  159  16:02  Infestor x4, Spore Crawler  
  159  16:04  Zergling x8  
  140  16:12  Infestor  
  140  16:14  Zergling x2  
  140  16:15  Zergling x22  
  142  16:23  Zergling x12  
  142  16:33  Infestor x4  
  142  16:36  Zergling x12  
  122  16:58  Corruptor x5  
  122  17:01  Zergling x14  
  117  17:10  Zergling x14  
  123  17:22  Zergling x14  
  123  17:27  Baneling x4  
  117  17:34  Zergling x10  
Show
View Real Time Build Order
Export as new Build Order

HellraiseR Protoss - Winner!

Build Orders: 1 Gate Expand, Archon Immortal, Carriers 

Get SALT Encoding   

  12  0:00  Probe  
  13  0:12  Probe  
  14  0:19  Pylon  
  14  0:23  Probe  
  15  0:33  Probe  
  15  0:39  Gateway  
  15  0:41  Probe  
  16  0:48  Assimilator  
  17  0:53  Probe  
  18  1:06  Probe  
  19  1:22  Nexus  
  19  1:25  Probe  
  20  1:36  Cybernetics Core  
  20  1:38  Probe  
  21  1:43  Assimilator  
  21  1:51  Probe  
  21  1:53  Pylon  
  22  2:02  Adept  
  22  2:03  Probe  
  23  2:15  Probe  
  26  2:17  Robotics Facility  
  26  2:22  Adept  
  26  2:27  Probe  
  27  2:30  Probe  
  27  2:36  Warp Gate  
  30  2:38  Probe  
  30  2:39  Probe  
  32  2:48  Probe  
  33  2:51  Probe  
  33  2:52  Stalker  
  36  2:59  Immortal  
  36  3:00  Probe  
  36  3:04  Probe  
  42  3:14  Probe  
  42  3:16  Probe  
  44  3:20  Pylon  
  44  3:26  Probe  
  45  3:28  Probe, Warp Prism  
  46  3:38  Probe, Gateway  
  49  3:43  Probe  
  49  3:47  Gateway  
  50  3:50  Gateway  
  50  3:54  Immortal  
  51  3:57  Pylon  
  54  4:13  Pylon  
  54  4:15  Probe x2  
  56  4:22  Assimilator  
  56  4:23  Assimilator  
  56  4:24  Forge  
  56  4:26  Pylon  
  56  4:27  Probe  
  56  4:28  Probe  
  58  4:34  Stalker  
  60  4:39  Probe  
  60  4:43  Probe  
  62  4:46  Pylon  
  62  4:49  Twilight Council  
  62  4:52  Protoss Ground Weapons Level 1  
  62  5:00  Zealot x3  
  62  5:01  Zealot  
  62  5:03  Observer  
  62  5:04  Probe  
  73  5:20  Charge, Zealot x3  
  76  5:21  Zealot  
  76  5:35  Templar Archives  
  76  5:41  Gateway  
  76  5:44  Probe, Immortal  
  76  5:45  Probe  
  76  5:49  Zealot x2  
  70  5:51  Zealot x2  
  71  5:59  Nexus  
  70  6:10  Zealot x3  
  75  6:11  Zealot  
  75  6:16  Probe  
  78  6:22  Gateway  
  78  6:31  Zealot, Pylon  
  76  6:34  Zealot x3  
  76  6:38  Zealot  
  84  6:45  Probe  
  84  6:46  Probe  
  78  6:57  Probe  
  78  6:58  Probe  
  76  7:04  High Templar x3  
  76  7:05  Stalker, High Templar  
  76  7:07  Archon  
  76  7:08  Protoss Ground Weapons Level 2  
  86  7:09  Observer, Probe, Archon  
  86  7:13  Pylon  
  86  7:14  Probe  
  88  7:15  Gateway  
  88  7:17  Probe, Gateway  
  88  7:21  Probe  
  91  7:27  Probe  
  91  7:29  Probe  
  91  7:33  Probe  
  78  7:39  Probe, High Templar x2  
  78  7:41  Probe, High Templar  
  78  7:42  High Templar  
  84  7:45  Zealot x2, Probe  
  84  7:46  Archon x2  
  84  7:50  Immortal  
  84  7:51  Probe  
  86  7:53  Probe  
  86  7:58  Probe  
  88  8:03  Probe  
  93  8:05  Probe  
  93  8:06  Zealot x2  
  93  8:09  Pylon  
  93  8:10  Probe  
  99  8:15  Probe  
  99  8:16  Assimilator  
  99  8:18  High Templar, Probe, Immortal  
  99  8:19  Assimilator, High Templar  
  105  8:20  Zealot x3, Pylon  
  105  8:22  Probe  
  105  8:26  Archon, Pylon  
  112  8:27  Probe  
  117  8:35  Photon Cannon  
  117  8:42  Psionic Storm  
  117  8:46  Photon Cannon  
  117  8:47  Shield Battery  
  117  8:58  Nexus  
  117  9:01  High Templar  
  119  9:04  High Templar  
  119  9:05  Pylon  
  119  9:06  Zealot x4  
  129  9:11  Immortal  
  129  9:15  High Templar, Pylon  
  129  9:16  Pylon  
  135  9:27  Probe x2  
  135  9:29  Probe  
  135  9:31  Photon Cannon  
  138  9:33  Shield Battery  
  138  9:39  Probe  
  138  9:40  Protoss Ground Weapons Level 3  
  138  9:41  Immortal  
  137  9:50  High Templar  
  141  9:57  Zealot x2  
  141  9:58  Zealot x4  
  149  10:00  High Templar  
  151  10:09  Probe  
  151  10:11  Stargate  
  151  10:12  Assimilator  
  151  10:13  Pylon  
  152  10:14  Warp Prism  
  152  10:16  Assimilator  
  152  10:17  Pylon  
  154  10:32  Photon Cannon  
  154  10:34  Shield Battery  
  154  10:36  Shield Battery  
  154  10:37  Shield Battery  
  154  10:39  Pylon  
  154  10:43  Immortal  
  154  10:50  High Templar x4  
  154  10:52  Zealot x4  
  154  10:54  Observer  
  154  10:56  Archon x2  
  170  11:01  Fleet Beacon  
  160  11:16  Observer  
  160  11:20  Stargate  
  160  11:22  Stargate  
  160  11:24  Photon Cannon  
  161  11:25  Photon Cannon  
  161  11:26  Protoss Air Weapons Level 1  
  161  11:27  Photon Cannon  
  161  11:28  Shield Battery  
  161  11:30  Pylon  
  161  11:31  Carrier  
  161  11:34  Observer  
  161  11:37  Zealot x7  
  161  11:38  Zealot  
  184  11:58  Zealot x2  
  188  12:08  Zealot x2, Carrier  
  174  12:09  Zealot x4, Carrier  
  182  12:19  Carrier  
  190  12:26  Zealot x2  
  190  12:29  Cybernetics Core  
  184  13:03  Carrier x2  
  184  13:05  Protoss Shields Level 1  
  180  13:14  Nexus  
  180  13:15  Stargate  
  180  13:16  Pylon  
  180  13:18  Robotics Bay  
  186  13:20  Protoss Air Armor Level 1  
  186  13:25  Zealot  
  186  13:26  Zealot  
  188  13:30  Carrier  
  194  13:42  Zealot x3  
  194  13:48  Carrier  
  200  13:49  Protoss Air Weapons Level 2  
  200  13:56  Nexus  
  200  13:58  Pylon  
  186  14:07  Carrier  
  186  14:08  Carrier  
  192  14:32  Zealot x3  
  198  14:39  Zealot  
  198  14:44  Carrier  
  172  14:54  Carrier  
  172  14:59  Carrier  
  170  15:11  Carrier  
  182  15:19  Zealot  
  184  15:39  Carrier  
  145  16:08  High Templar x5  
  145  16:09  High Templar  
  145  16:10  Zealot x2  
  153  16:13  Archon x2  
  153  16:15  Archon  
  153  16:16  Probe  
  150  16:21  Observer  
  150  16:23  Nexus  
  151  16:26  Pylon  
  134  17:04  High Templar x4  
  134  17:05  Zealot  
  134  17:08  Archon  
  138  17:09  Archon  
  113  17:26  Observer  
  105  17:42  Zealot  
Tags
 
Add a new tag
Caveats
  • Supply blocks, unpowered buildings, or Contaminate may cause inaccurate times.
  • Supply counts are checked every 10 seconds.